 Dungeon Crawl Stone Soup version 0.28-a0-828-g0121872642 (webtiles) character file.

Game seed: 14086228275153079242

617 ders the Digger (level 7, -2/36 HPs)
             Began as a Gargoyle Earth Elementalist on Nov 10, 2021.
             Was an Initiate of Vehumet.
             Slain by an ogre (24 damage)
             ... on level 5 of the Dungeon on Nov 11, 2021.
             The game lasted 00:08:56 (4962 turns).

ders the Digger (Gargoyle Earth Elementalist)       Turns: 4962, Time: 00:08:57

Health: -2/36      AC: 10    Str: 12    XL:     7   Next: 45%
Magic:  0/12       EV: 12    Int: 17    God:    Vehumet [......]
Gold:   173        SH:  0    Dex: 10    Spells: 9/13 levels left

rFire   + . .      SeeInvis .   c - staff of fire
rCold   . . .      Faith    +   (no shield)
rNeg    + . .      Spirit   .   b - +1 robe
rPois   ∞          Reflect  .   (no helmet)
rElec   +          Harm     .   m - +2 cloak
rCorr   .          Rampage  .   (no gloves)
Will    .....                   (no boots)
Stlth   ++........              i - amulet of faith
HPRegen 0.12/turn               (no ring)
MPRegen 0.13/turn               (no ring)

@: no status effects
A: sickness immunity, AC +4, negative energy resistance 1, electricity
resistance, torment resistance 1, petrification resistance
a: Renounce Religion


You were on level 5 of the Dungeon.
You worshipped Vehumet.
Vehumet was noncommittal.
You visited 2 branches of the dungeon, and saw 6 of its levels.

You collected 173 gold pieces.

Inventory:

Missiles
 f - 11 stones
Armour
 b - a +1 robe (worn)
 m - a +2 cloak (worn)
Magical Staves
 c - a staff of fire (weapon)
Jewellery
 i - an amulet of faith (around neck)
 j - a +6 ring of dexterity
 n - a +6 ring of strength
Wands
 g - a wand of acid (9)
 k - a wand of digging (2)
 t - a wand of mindburst (6)
Scrolls
 a - a scroll of enchant armour
 d - a scroll of fear
 h - a scroll of identify {unknown}
 l - a scroll of holy word {unknown}
 q - a scroll of noise {unknown}
 s - a scroll of teleportation
 u - a scroll of brand weapon {unknown}
Potions
 e - a potion of curing {unknown}
 o - a potion of lignification {unknown}
 p - a potion of berserk rage {unknown}
 r - a potion of flight {unknown}


   Skills:
 - Level 2.0 Dodging
 - Level 2.7 Stealth
 + Level 3.6 Spellcasting
 * Level 4.6 Conjurations
 + Level 2.9 Transmutations
 + Level 5.5 Earth Magic


You had 9 spell levels left.
You knew the following spells:

 Your Spells              Type           Power      Damage    Failure   Level
a - Sandblast             Erth           42%        2d11      1%          1
b - Stone Arrow           Conj/Erth      40%        3d9       6%          3

Your spell library contained the following spells:

 Spells                   Type           Power      Damage    Failure   Level
 Passwall                 Tmut/Erth      14%        N/A       4%          2
 Shock                    Conj/Air       40%        1d5       6%          1
 Petrify                  Tmut/Erth      17%        N/A       28%         4
 Swiftness                Air            3%         N/A       43%         3
 Airstrike                Air            1%         N/A       85%         4


Dungeon Overview and Level Annotations

Branches:
Dungeon (5/15)             Temple (1/1) D:4

Altars:
Ashenzari
Cheibriados
Dithmenos
Elyvilon
Gozag
Hepliaklqana
Kikubaaqudgha
Makhleb
Nemelex Xobeh
Okawaru
Qazlal
Ru
Sif Muna
Trog
Uskayaw
Vehumet
Wu Jian
Xom
Yredelemnul
Zin
The Shining One

Annotations:
D:3 Robin


Innate Abilities, Weirdness & Mutations

You are immune to sickness and miasma.
Your stone body is resilient. (AC +4)
You are immune to poison.
You resist negative energy. (rN+)
You are resistant to electric shocks. (rElec)
You are resistant to unholy torment.
You are immune to petrification.


Message History

Press: ? - help, Shift-Dir - straight line, f/p - wyvern skeleton
Aim: a wyvern skeleton (severely damaged, 97% to hit)
The wyvern skeleton barely misses you.
Casting: Stone Arrow (dangerous; 6% risk of failure)
Confirm with . or Enter, or press ? or * to list all spells.
Aiming: Stone Arrow (dangerous; 6% risk of failure)
Press: ? - help, Shift-Dir - straight line, f/p - wyvern skeleton
Aim: a wyvern skeleton (severely damaged, 97% to hit)
The wyvern skeleton barely misses you.
Casting: Stone Arrow (dangerous; 6% risk of failure)
Confirm with . or Enter, or press ? or * to list all spells.
Aiming: Stone Arrow (dangerous; 6% risk of failure)
Press: ? - help, Shift-Dir - straight line, f/p - wyvern skeleton
Aim: a wyvern skeleton (severely damaged, 97% to hit)
The stone arrow hits the wyvern skeleton!!
You destroy the wyvern skeleton!
Vehumet accepts your kill.
Unknown command.
Casting: Stone Arrow (dangerous; 6% risk of failure)
Confirm with . or Enter, or press ? or * to list all spells.
You don't have enough magic to cast this spell.
Casting: Stone Arrow (dangerous; 6% risk of failure)
Confirm with . or Enter, or press ? or * to list all spells.
Aiming: Sandblast (safe; 1% risk of failure)
Press: ? - help, Shift-Dir - straight line, f - ogre
Aim: an ogre, wielding a +0 giant club (91% to hit)
The blast of sand hits the ogre.
The ogre is moderately wounded.
The ogre hits you with a +0 giant club!
Unknown command.
Casting: Sandblast (safe; 1% risk of failure)
Confirm with . or Enter, or press ? or * to list all spells.
Aiming: Sandblast (safe; 1% risk of failure)
Press: ? - help, Shift-Dir - straight line, f/p - ogre
Aim: an ogre, wielding a +0 giant club (lightly wounded, 91% to hit)
The blast of sand hits the ogre!
The ogre is severely wounded.
The ogre hits you with a +0 giant club!!
Ouch! That really hurt!
You die...

...........# #.#
#.....##.#.####.# ..
#..#............# ...
#..#..##.#.######
...##..#..##.#.#
...........#.#.##
..........[.....########
.......................#
...##.......O@....######
...............##.#
.............####.####
...##...#.#..........#
...###..#.#..####.####
.............# ##.######
........#.#..# #.......#
...####.#.#..# #.#######
.. ###.#..# #.#


You could see an ogre.

Vanquished Creatures
  Sigmund (D:3)
  A black bear (D:4)
  A phantom (D:3)
  A wyvern skeleton (D:5)
  A hound (D:5)
  A centaur skeleton (D:5)
  Natasha (thrice) (D:3)
  A hound skeleton (D:5)
  2 adders
  An ufetubus (D:5)
  2 adder skeletons (D:4)
  A dart slug (D:1)
  8 orcs
  5 bats
  6 endoplasms
  6 giant cockroaches
  11 goblins
  3 hobgoblins
  A quokka (D:1)
  5 ball pythons
  A kobold (D:3)
  8 rats
70 creatures vanquished.

Notes
Turn   | Place    | Note
-------+----------+-------------------------------------------
     0 | D:1      | ders the Gargoyle Earth Elementalist began the quest for
                  | the Orb.
     0 | D:1      | Reached XP level 1. HP: 10/10 MP: 3/3
   253 | D:1      | Reached skill level 1 in Transmutations
   253 | D:1      | Reached XP level 2. HP: 15/15 MP: 0/5
  1266 | D:2      | Reached XP level 3. HP: 19/19 MP: 4/6
  1332 | D:2      | Found a faded altar of an unknown god.
  1341 | D:2      | Reached skill level 4 in Earth Magic
  1875 | D:3      | Learned a level 3 spell: Stone Arrow
  2242 | D:3      | Noticed Sigmund
  2244 | D:3      | Noticed Natasha
  2458 | D:3      | Killed Sigmund
  2459 | D:3      | Reached XP level 4. HP: 24/24 MP: 1/8
  2459 | D:3      | Reached XP level 5. HP: 28/28 MP: 1/9
  2546 | D:3      | Killed Natasha
  2547 | D:3      | Reached XP level 6. HP: 30/32 MP: 4/10
  2723 | D:3      | Noticed Natasha
  2727 | D:3      | Killed Natasha
  3288 | D:3      | Reached skill level 5 in Earth Magic
  3302 | D:3      | Noticed Natasha
  3317 | D:3      | Noticed Robin
  3686 | D:3      | Killed Natasha
  3981 | D:4      | Noticed a black bear
  4126 | D:4      | Killed a black bear
  4127 | D:4      | Reached XP level 7. HP: 32/36 MP: 1/12
  4252 | D:4      | Found a staircase to the Ecumenical Temple.
  4262 | Temple   | Entered the Ecumenical Temple
  4461 | Temple   | Became a worshipper of Vehumet
  4696 | D:5      | Entered Level 5 of the Dungeon
  4962 | D:5      | Slain by an ogre

Illustrated notes

Levels and vault maps discovered:
D:1:      mrwooster_arrival_statue_3, layout_basic
D:2:      layout_basic, ebering_ecumenical_altar_sacrificial
D:3:      layout_loops_ring, uniq_natasha, uniq_sigmund, uniq_robin
D:4:      layout_rooms, minmay_temple_entry_glassed_door
D:5:      layout_basic
Temple:   mainiacjoe_temple_circle_huts

Skill      XL: |  1  2  3  4  5  6 |
---------------+-------------------+-----
Transmutations | 1 2 |  2.9
Earth Magic    | 4 5 |  5.5
Dodging        | 2 |  2.0
Spellcasting   | 3 |  3.6
Conjurations   | 2 3 4 |  4.6
Stealth        | |  2.7

Action                   |  1- 3 |  4- 6 |  7- 9 || total
-------------------------+-------+-------+-------++-------
Melee: Unarmed           |     1 |     4 |       ||     5
 Cast: Sandblast         |    61 |    48 |    14 ||   123
       Stone Arrow       |     1 |     7 |     3 ||    11
  Use: Scroll            |       |     4 |       ||     4
       Potion            |       |     2 |       ||     2
Armor: Robe              |    11 |    18 |     2 ||    31
Dodge: Dodged            |    19 |    26 |     6 ||    51

Table legend: (Time is in decaauts)
 A = Elapsed time spent in this place.
 B = Non-inter-level travel time spent in this place.
 C = Inter-level travel time spent in this place.
 D = Time resting spent in this place.
 E = Time spent auto-exploring this place.
 F = Levels seen in this place.
 G = Mean time per level.
                   A        B        C        D        E       F      G
               +--------+--------+--------+--------+--------+-----+--------+
         Total |   4963 |   4608 |    355 |   1728 |   2213 |   6 |  827.2 |
       Dungeon |   4664 |   4340 |    324 |   1728 |   1968 |   5 |  932.8 |
        Temple |    299 |    268 |     31 |      0 |    245 |   1 |  299.0 |
               +--------+--------+--------+--------+--------+-----+--------+

Top non-repeatable levels by time:
     D:3: 1411 daAuts
     D:2: 1101 daAuts
     D:1: 959 daAuts
     D:4: 926 daAuts
  Temple: 299 daAuts
     D:5: 265 daAuts
